 Dungeon Crawl Stone Soup version 0.31-a0-1008-g5b978dac0e (webtiles) character file.

Game seed: 10507068997972598690

9720 ChronoRanger the Basher (level 11, -2/150 (151) HPs)
             Began as a Minotaur Fighter on Nov 12, 2023.
             Was a High Priest of Okawaru.
             Succumbed to poison (dark miasma)
             ... in a Gauntlet.
             The game lasted 00:25:16 (9489 turns).

ChronoRanger the Basher (Minotaur Fighter)          Turns: 9489, Time: 00:25:17

HP:   -2/150 (151)  AC: 17    Str: 28    XL:     11   Next: 26%
MP:   10/10         EV:  7    Int:  5    God:    Okawaru [*****.]
Gold: 300           SH:  5    Dex: 11    Spells: 10/10 levels left

rFire   + . .        v - +10 whip of Mourning {flame, rPois Will+ Str+4}
rCold   . . .        c - +0 buckler
rNeg    + . .        j - +0 plate armour
rPois   +            (helmet restricted)
rElec   .            (no cloak)
rCorr   .            t - +0 pair of gloves
SInv    .            k - +0 pair of boots
Will    +....        m - amulet of regeneration Stlth
                     A - ring of positive energy
HPRegen 1.25/turn    C - ring of protection from fire
MPRegen 0.12/turn

%: no teleportation
@: berserking (expiring), lethally poisoned (-2 -> -64), slowed, lightly drained
A: horns 2, retaliatory headbutt
a: Renounce Religion, Heroism, Finesse, Duel


You were in a Gauntlet.
You worshipped Okawaru.
Okawaru was extremely pleased with you.
You visited 2 branches of the dungeon, and saw 12 of its levels.
You also visited: Gauntlet.

You collected 512 gold pieces.
You spent 212 gold pieces at shops.

Inventory:

Hand Weapons
 v - the +10 whip of Mourning (weapon) {flame, rPois Will+ Str+4}
   (You took it off a wight on level 8 of the Dungeon)

   Str+4:     It affects your strength (+4).
   rPois:     It protects you from poison Will+: It increases your willpower.
 z - a +0 morningstar
Missiles
 y - a throwing net
Armour
 c - a +0 buckler (worn)
 j - a +0 plate armour (worn)
 k - a +0 pair of boots (worn)
 t - a +0 pair of gloves (worn)
Jewellery
 m - an amulet of regeneration (around neck)
 A - a ring of positive energy (left hand)
 C - a ring of protection from fire (right hand)
Wands
 p - a wand of polymorph (14)
 q - a wand of iceblast (24)
 D - a wand of flame (6)
 E - a wand of digging (8)
Scrolls
 b - a scroll of immolation
 e - a scroll of enchant weapon
 g - 6 scrolls of teleportation
 h - 2 scrolls of enchant armour
 x - 3 scrolls of fear
Potions
 a - 2 potions of invisibility
 d - 5 potions of might
 f - a potion of mutation
 i - 4 potions of heal wounds
 l - 4 potions of enlightenment
 n - 3 potions of curing
 o - 3 potions of ambrosia
 r - 2 potions of brilliance
 s - a potion of berserk rage
 w - a potion of lignification


   Skills:
 + Level 10.7 Fighting
 * Level 14.1 Maces & Flails
 + Level 10.6 Armour
 - Level 8.1 Shields


You had 10 spell levels left.
You didn't know any spells.
Your spell library contained the following spells:

 Spells                   Type           Power      Damage    Failure   Level
 Sandblast                Erth           0%         2d4       99%         1
 Passwall                 Tmut/Erth      0%         N/A       100%        2
 Hailstorm                Conj/Ice       0%         3d3       100%        3
 Stone Arrow              Conj/Erth      0%         3d7       100%        3
 Brom's Barrelling Bould  Conj/Erth      0%         2d3       100%        4
 Cause Fear               Hex            0%         N/A       100%        4
 Fireball                 Conj/Fire      0%         3d3       100%        5
 Summon Ice Beast         Ice/Summ       Unusable   N/A       N/A         4
 Simulacrum               Ice/Necr       Unusable   N/A       N/A         6
 Dragon's Call            Summ           Unusable   N/A       N/A         9

Dungeon Overview and Level Annotations

Branches:
Dungeon (11/15)            Temple (1/1) D:6         Gauntlet (1/1)
   Lair: D:8-11         Orc: D:9-12

Altars:
Ashenzari
Cheibriados
Dithmenos
Elyvilon
Fedhas
Gozag
Hepliaklqana
Kikubaaqudgha
Makhleb
Nemelex Xobeh
Okawaru
Qazlal
Ru
Sif Muna
Trog
Uskayaw
Vehumet
Wu Jian
Xom
Yredelemnul
Zin
The Shining One

Shops:
D:5 [?!:

Annotations:
D:5 3 runed translucent doors, pzskc383's ghost, novice GrFi Gauntlet 9 transporters, 2 runed translucent doors


Innate Abilities, Weirdness & Mutations

You have a pair of horns on your head.
You reflexively headbutt those who attack you in melee.


Message History

* * * LOW HITPOINT WARNING * * *
You feel very sick. The spectral harpy claws you.
* * * LOW HITPOINT WARNING * * *
The spectral harpy claws you but does no damage.
The wolf spider zombie hits you.
* * * LOW HITPOINT WARNING * * *
The wolf spider zombie barely misses you.
You whack the spectral harpy! You burn the spectral harpy.
The spectral harpy is almost destroyed.
You are engulfed in dark miasma.
You feel yourself slow down.
* * * LOW HITPOINT WARNING * * *
You feel sick.
The spectral harpy claws you but does no damage.
The spectral harpy barely misses you.
You hit the wolf spider zombie. You burn the wolf spider zombie.
You headbutt the wolf spider zombie.
The wolf spider zombie is lightly damaged.
You are engulfed in dark miasma.
You are lethally poisoned!
* * * LOW HITPOINT WARNING * * *
x2 You feel extremely sick.
The spectral harpy claws you!
* * * LOW HITPOINT WARNING * * *
You partially resist.
You feel drained.
* * * LOW HITPOINT WARNING * * *
The spectral harpy claws you but does no damage.
The wolf spider zombie hits you but does no damage.
The wolf spider zombie barely misses you.
You are too berserk!
Okay, then.
You whack the spectral harpy! You burn the spectral harpy.
You destroy the spectral harpy!
Okawaru accepts your kill.
You can now enter into single combat with a foe.
Okawaru will now gift you throwing weapons as you gain piety.
You are engulfed in dark miasma.
You are more poisoned.
* * * LOW HITPOINT WARNING * * *
You die...

############# #≈#≈#§#§#§#≈###
##...§§§.§§§.#§### ##
#≈.......§§§...#≈# #§
##..#########....### ###.
#≈..#..°....#.....≈# #≈..
##..#?#°###.####..## ##..
#≈..#°°°°#..#..#..§# #≈..
##..#©.#@#.##©.#..## ##..
#≈..#..#Z†Z##..#..≈###≈..
##..#$###°###..#..##≈##.. ###
#≈..#....°..#..#.........
...###..#########..#.........
##..##..........#..##########
.....#..#########..#.........
.#...#..#.......#..#.#^...^#.
#.©.#8.#[####..#..#(.##.##..


You could see a wolf spider zombie and a centaur warrior zombie.

Vanquished Creatures
  A two-headed ogre (D:7)
  A death drake (Gauntlet)
  A spectral centaur (Gauntlet)
  An ice statue (Gauntlet)
  A kobold demonologist (D:10)
  2 rime drakes (Gauntlet)
  A troll (D:9)
  A spectral harpy (Gauntlet)
  Grinder (D:3)
  A hornet (D:8)
  5 small abominations (Gauntlet)
  2 shadows
  6 yaks (D:10)
  A wyvern (D:9)
  A steam dragon (D:8)
  2 acid dragons
  2 sky beasts
  4 orc warriors
  An ice beast (D:5)
  2 black bears (D:6)
  2 ogres
  2 centaurs
  A phantom (D:7)
  8 scorpions
  A bullfrog (D:7)
  17 wights
  18 killer bees
  3 hounds
  A jelly (D:4)
  4 orc priests
  A sleepcap (D:6)
  4 iguanas
  10 orc wizards
  Robin (D:4)
  3 gnolls (D:4)
  9 adders
  2 shadow imps
  2 white imps
  8 ufetubi
  A dart slug (D:4)
  A worm (D:2)
  29 orcs
  8 ball pythons
  5 bats
  5 endoplasms
  3 giant cockroaches
  18 goblins
  6 hobgoblins
  3 jackals
  5 quokkas
  4 frilled lizards
  11 kobolds
  A rat (D:2)
234 creatures vanquished.

Notes
Turn   | Place    | Note
-------+----------+-------------------------------------------
     0 | D:1      | ChronoRanger the Minotaur Fighter began the quest for the
                  | Orb.
     0 | D:1      | Reached XP level 1. HP: 19/19 MP: 0/0
    95 | D:1      | Reached XP level 2. HP: 27/27 MP: 1/1
   108 | D:1      | Reached skill level 3 in Maces & Flails
   772 | D:2      | Reached XP level 3. HP: 30/33 MP: 2/2
   864 | D:2      | Found a hazy altar of Hepliaklqana.
  1136 | D:2      | Reached XP level 4. HP: 40/40 MP: 3/3
  1638 | D:3      | Reached skill level 4 in Maces & Flails
  1712 | D:3      | Noticed Grinder
  1720 | D:3      | Killed Grinder
  1721 | D:3      | Reached skill level 5 in Maces & Flails
  1721 | D:3      | Reached XP level 5. HP: 42/47 MP: 4/4
  1721 | D:3      | Reached XP level 6. HP: 49/55 MP: 5/5
  1722 | D:3      | Reached skill level 5 in Shields
  1811 | D:3      | Reached skill level 5 in Fighting
  1811 | D:3      | Reached skill level 5 in Armour
  1876 | D:3      | Found a shadowy altar of Dithmenos.
  2541 | D:4      | Noticed Robin
  2748 | D:4      | Reached skill level 6 in Maces & Flails
  2869 | D:4      | Killed Robin
  2870 | D:4      | Reached XP level 7. HP: 59/61 MP: 6/6
  3318 | D:5      | Entered Level 5 of the Dungeon
  3578 | D:5      | Reached skill level 7 in Maces & Flails
  3757 | D:5      | Reached XP level 8. HP: 70/70 MP: 7/7
  3939 | D:5      | Found Kimya's Armour Boutique.
  4093 | D:5      | Found Sam Mog's Magic Scroll Boutique.
  4096 | D:5      | Bought a scroll of identify for 22 gold pieces
  4096 | D:5      | Bought a scroll of identify for 22 gold pieces
  4145 | D:5      | Found a runed translucent gate.
  4145 | D:5      | Found a runed translucent gate.
  4145 | D:5      | Found a runed translucent gate.
  4233 | D:5      | Found Tolen's Distillery.
  4238 | D:5      | Bought a potion of berserk rage for 60 gold pieces
  4238 | D:5      | Bought a potion of lignification for 36 gold pieces
  4238 | D:5      | Bought a potion of enlightenment for 60 gold pieces
  4238 | D:5      | Bought a potion of degeneration for 12 gold pieces
  4249 | D:5      | Noticed pzskc383's ghost (novice GrFi)
  4344 | D:5      | Found Rausme's Tiny Tomes.
  4510 | D:6      | Reached skill level 8 in Maces & Flails
  4975 | D:6      | Found a staircase to the Ecumenical Temple.
  4982 | Temple   | Entered the Ecumenical Temple
  5202 | D:6      | Reached skill level 9 in Maces & Flails
  5255 | D:6      | Found an iron altar of Okawaru.
  5288 | D:6      | Became a worshipper of Warmaster Okawaru
  5878 | D:7      | Reached XP level 9. HP: 71/78 MP: 8/8
  5987 | D:7      | Found a stormy altar of Qazlal.
  6332 | D:7      | Found a shimmering blue altar of Sif Muna.
  6337 | D:7      | Reached * piety under Okawaru
  6486 | D:7      | Noticed a two-headed ogre
  6495 | D:7      | Killed a two-headed ogre
  6496 | D:7      | Reached skill level 10 in Maces & Flails
  6732 | D:7      | Found an ornate altar of the Wu Jian Council.
  6950 | D:8      | Identified the +0 ring mail of Bounid {-Tele rElec rN++
                  | Will+ Regen+}
  6992 | D:8      | Paralysed by a hornet for 3 turns
  7000 | D:8      | HP: 4/81 [hornet (13)]
  7000 | D:8      | Paralysed by a hornet for 2 turns
  7051 | D:8      | Identified the +10 whip of Mourning {flame, rPois Will+
                  | Str+4}
  7090 | D:8      | Reached ** piety under Okawaru
  7091 | D:8      | Reached skill level 11 in Maces & Flails
  7261 | D:8      | Found a white marble altar of Elyvilon.
  7443 | D:8      | Reached XP level 10. HP: 65/90 MP: 9/9
  7905 | D:9      | Reached skill level 12 in Maces & Flails
  7915 | D:9      | Reached *** piety under Okawaru
  7970 | D:9      | Found a glowing silver altar of Zin.
  8251 | D:10     | Entered Level 10 of the Dungeon
  8448 | D:10     | Reached skill level 13 in Maces & Flails
  8460 | D:10     | Reached **** piety under Okawaru
  8461 | D:10     | Reached skill level 10 in Fighting
  8463 | D:10     | Reached skill level 10 in Armour
  8713 | D:10     | Found a bloodstained altar of Trog.
  8957 | Gauntlet | Identified the "Huntib"
  9070 | D:11     | Found a gate leading to a gauntlet.
  9082 | Gauntlet | Entered a Gauntlet
  9082 | Gauntlet | Noticed a torpor snail
  9082 | Gauntlet | Found a transporter.
  9082 | Gauntlet | Found a transporter.
  9088 | Gauntlet | Found a transporter.
  9100 | Gauntlet | Found a transporter.
  9118 | Gauntlet | Found a transporter.
  9118 | Gauntlet | Found a transporter.
  9118 | Gauntlet | Found a transporter.
  9120 | Gauntlet | Found a transporter.
  9120 | Gauntlet | Found a transporter.
  9120 | Gauntlet | Noticed an ice statue
  9122 | Gauntlet | Noticed a cyan ugly thing
  9122 | Gauntlet | Noticed a purple ugly thing
  9123 | Gauntlet | Noticed a glowing orange brain
  9127 | Gauntlet | Noticed a spectral centaur warrior
  9131 | Gauntlet | Noticed a death drake
  9132 | Gauntlet | Found a transporter.
  9148 | Gauntlet | Found a transporter.
  9155 | Gauntlet | Noticed a wolf spider
  9156 | Gauntlet | Noticed a moth of wrath
  9157 | Gauntlet | Found a runed translucent door.
  9158 | Gauntlet | Found a transporter.
  9159 | Gauntlet | Found a runed translucent door.
  9163 | Gauntlet | Found a transporter.
  9204 | Gauntlet | Found a transporter.
  9281 | Gauntlet | Reached XP level 11. HP: 73/100 MP: 10/10
  9478 | Gauntlet | Reached skill level 14 in Maces & Flails
  9484 | Gauntlet | Killed a death drake
  9489 | Gauntlet | Reached ***** piety under Okawaru
  9489 | Gauntlet | HP: 5/150 [something (3)]
  9489 | Gauntlet | Succumbed to poison (dark miasma)

Illustrated notes

Levels and vault maps discovered:
D:1:      heliophobic_arrival_ceremonial_halls, layout_basic
D:2:      layout_loops_cross, basic_altar, nicolae_underground_beach
D:3:      layout_loops_ring, grunt_dithmenos_smoke_and_mirrors, st_stairs_13,
          solitary_fountain, dk_vineyard_3, minmay_misc_feat_cross, uniq_grinder
D:4:      layout_cave_pods, grunt_ministairs_7, minmay_statues_item, uniq_robin
D:5:      layout_loops_corners, gammafunk_ghost_icy, serial_shops,
          nicolae_stop_n_shop_2, shop, nicolae_shop_rolled_up,
          nicolae_shop_i_like_small_books_too, chequers_serial_rivers_small_3
D:6:      layout_layer_cave, okawaru_ov_weapons_minmay, temple_green
D:7:      layout_loops_corners, nicolae_sif_muna_condensation,
          nzn_wu_jian_contemplation, nicolae_qazlal_style_of_elements
D:8:      layout_rooms, nicolae_overflow_crystal_walls, hangedman_decor_opposing
D:9:      layout_roguey, lemuel_round_altar
D:10:     layout_loops_cross, marbit_many_paths, st_stairs_10, solitary_fountain
D:11:     layout_grid_maze, hellmonk_lair_entry_icy, gauntlet_entry_generic,
          solitary_fountain
Temple:   dpeg_chambers_temple
Gauntlet: gammafunk_gauntlet_mixed_choke_point
          [minmay_gauntlet_arena_77_tiled_triplets,
          minmay_gauntlet_arena_77_fan, minmay_gauntlet_arena_77_two_paths,
          nicolae_gauntlet_arena_blocks, minmay_gauntlet_arena_77_cramped,
          minmay_gauntlet_arena_77_hold_the_fort,
          minmay_gauntlet_arena_77_broken_ladder,
          nicolae_gauntlet_exit_dead_adventurers]

Skill      XL: |  1  2  3  4  5  6  7  8  9 10 11 |
---------------+----------------------------------+-----
Maces & Flails | 3 5 6 7 9 11 13 14 | 14.1
Fighting       | 4 5 6 7 8 10 | 10.7
Shields        | 4 5 6 7 8 |  8.1
Armour         | 4 5 6 7 8 10 | 10.6

Action                     |  1- 3 |  4- 6 |  7- 9 | 10-12 || total
---------------------------+-------+-------+-------+-------++-------
  Melee: Flail             |    91 |   118 |   289 |       ||   498
         Headbutt          |    11 |    14 |    52 |    46 ||   123
         Whip              |       |       |    22 |   202 ||   224
 Invoke: Heroism           |       |       |     1 |       ||     1
    Use: Scroll            |       |     4 |     8 |     5 ||    17
         Potion            |       |     1 |     3 |     2 ||     6
 Armour: Scale mail        |    63 |   111 |   127 |       ||   301
         Plate armour      |       |       |   131 |   117 ||   248
  Dodge: Dodged            |    24 |    70 |   114 |    43 ||   251
  Block: Buckler           |    20 |    38 |    78 |    32 ||   168

Table legend: (Time is in decaauts)
 A = Elapsed time spent in this place.
 B = Non-inter-level travel time spent in this place.
 C = Inter-level travel time spent in this place.
 D = Time resting spent in this place.
 E = Time spent auto-exploring this place.
 F = Levels seen in this place.
 G = Mean time per level.
                   A        B        C        D        E       F      G
               +--------+--------+--------+--------+--------+-----+--------+
         Total |   9442 |   9121 |    321 |    144 |   6867 |  13 |  726.3 |
       Dungeon |   8982 |   8680 |    302 |    144 |   6714 |  11 |  816.5 |
        Temple |     79 |     60 |     19 |      0 |      0 |   1 |   79.0 |
      Gauntlet |    380 |    380 |      0 |      0 |    153 |   1 |  380.0 |
               +--------+--------+--------+--------+--------+-----+--------+

Top non-repeatable levels by time:
     D:6: 1282 daAuts
     D:5: 1181 daAuts
     D:4: 1091 daAuts
     D:7: 1076 daAuts
     D:3: 790 daAuts
     D:2: 749 daAuts
     D:1: 736 daAuts
     D:8: 677 daAuts
    D:10: 666 daAuts
     D:9: 605 daAuts
Gauntlet: 380 daAuts
    D:11: 124 daAuts
  Temple: 79 daAuts
